 Dungeon Crawl Stone Soup version 0.19.1-1-g22dce08 (webtiles) character file.

45 paradoxae the Vexing (level 3, 0/25 HPs)
             Began as a Vampire Enchanter on Jan 7, 2017.
             Succumbed to Sigmund's poison
             ... on level 1 of the Dungeon.
             The game lasted 00:16:21 (1618 turns).

paradoxae the Vexing (Vampire Enchanter)            Turns: 1618, Time: 00:16:21

Health: 0/25       AC:  0    Str:  6 (7)  XL:     3   Next: 42%
Magic:  5/6        EV: 24    Int: 15 (18) God:
Gold:   124        SH:  0    Dex: 21 (24) Spells: 2 memorised, 1 level left

rFire  . . .     SeeInvis +     (weapon currently unavailable)
rCold  + . .     Gourm    .     (armour currently unavailable)
rNeg   + + .     Faith    .     (shield currently unavailable)
rPois  +         Spirit   .     (helmet currently unavailable)
rElec  .         Reflect  .     (cloak currently unavailable)
rCorr  .         Harm     .     (gloves currently unavailable)
MR     .....                    (boots currently unavailable)
Stlth  ++++++....               (no amulet)
                                (ring currently unavailable)
                                (ring currently unavailable)

@: agile, lethally poisoned (0 -> -10), bat-form, flying, regenerating slowly,
heavily drained, very quick
A: fangs 3, see invisible, (unbreathing)
a: End Transformation


You were on level 1 of the Dungeon.
You were near bloodless.
You were in vampire-bat-form.
You visited 1 branch of the dungeon, and saw 2 of its levels.

You collected 124 gold pieces.

Inventory:

Hand Weapons
 a - a +3 dagger
 h - a +1 dagger
 l - a cursed -3 dagger (melded)
 n - a +2 dagger of speed
Missiles
 p - 2 tomahawks (quivered)
Armour
 b - a +1 robe (melded)
 d - a +1 cloak (melded)
 e - a +0 ring mail
Jewellery
 g - a +4 ring of protection (melded)
 i - an uncursed amulet of harm
 m - an uncursed ring of wizardry {unknown}
Scrolls
 f - a scroll of enchant armour
 j - a scroll of amnesia
Potions
 q - 18 potions of blood
Books
 c - a book of Maledictions

   Spells                             Type                      Level
   a - Corona                         Hexes                        1
   b - Ensorcelled Hibernation        Hexes/Ice                    2
   c - Confuse                        Hexes                        3
   d - Tukima's Dance                 Hexes                        3
   e - Dazzling Spray                 Conjuration/Hexes            3


   Skills:
 + Level 0.6(0.0) Fighting
 + Level 1.7(0.4) Short Blades
 + Level 0.8(0.0) Armour
 + Level 2.6(1.3) Dodging
 + Level 4.7(3.3) Stealth
 + Level 2.1(0.8) Spellcasting
 + Level 4.8(3.4) Hexes
 + Level 0.0 Ice Magic


You had one spell level left.
You knew the following spells:

 Your Spells              Type           Power        Failure   Level  Hunger
c - Confuse               Hex            ##......     21%         3    ####...
z - Ensorcelled Hibernat  Hex/Ice        #.....       21%         2    ###....


Dungeon Overview and Level Annotations

Branches:
Dungeon (2/15)

Altars:
Okawaru

Annotations:
D:2 Sigmund


Innate Abilities, Weirdness & Mutations

You heal slowly.
You have razor-sharp teeth.
You have supernaturally acute eyesight. (SInv)
((You can survive without breathing.))


Message History

It was a potion of agility.
You feel agile all of a sudden.
* * * LOW HITPOINT WARNING * * *
You feel sick. The frilled lizard misses you.
It was a potion of degeneration.
There was something very wrong with that liquid.
You feel weakened.
You feel dopey.
You feel clumsy.
* * * LOW HITPOINT WARNING * * *
You feel sick.
* * * LOW HITPOINT WARNING * * *
You feel sick.
* * * LOW HITPOINT WARNING * * *
You feel sick.
You see here a dagger.
There is a stone staircase leading up here.
* * * LOW HITPOINT WARNING * * *
You feel sick.
The frilled lizard unfolds its giant frill.
You fly upwards.
You die...

#...# #.#.# #####.#.#
### ....#.#.# #(##
....#.#.# #..#
.##.....# ###..#
.8#.#.#.# #....#
..#.#.#.######....#
.8#.......).....b.#
.##.#.#####.......####
###.#.# #..........#
###.#.#####.##########
..........#.#
#########.#.#####
####### #.#.....#
......# #.......##
......# #........###


There were no monsters in sight!

Vanquished Creatures
  A dart slug (D:1)
  A leopard gecko (D:2)
  3 giant cockroaches (D:1)
  5 goblins
  8 hobgoblins
  A quokka (D:2)
  4 bats
  A frilled lizard (D:1)
  11 kobolds
  2 rats
37 creatures vanquished.

Notes
Turn   | Place    | Note
-------+----------+-------------------------------------------
     0 | D:1      | paradoxae the Vampire Enchanter began the quest for the Orb.
     0 | D:1      | Reached XP level 1. HP: 13/13 MP: 3/3
   176 | D:1      | Reached XP level 2. HP: 20/20 MP: 5/5
   267 | D:1      | Learned a level 2 spell: Ensorcelled Hibernation
   906 | D:2      | Reached XP level 3. HP: 24/25 MP: 1/6
  1080 | D:1      | Learned a level 3 spell: Confuse
  1486 | D:2      | Found an iron altar of Okawaru.
  1581 | D:2      | Noticed Sigmund
  1617 | D:2      | HP: 1/25 [poisoned by Sigmund]
  1618 | D:1      | Succumbed to Sigmund's poison

Action                   || total
-------------------------++-------
Melee: Dagger            ||    78
       Bite              ||     7
 Cast: Corona            ||     5
       Ensorcelled Hiber ||    24
 Abil: Bat Form          ||     1
  Use: Scroll            ||     3
       Potion            ||     3
 Stab: Sleeping          ||    21
Armor: Ring mail         ||     7
       Robe              ||    29
Dodge: Dodged            ||    54
